 Dungeon Crawl Stone Soup version 0.30-a0-637-gacddeb6d44 (webtiles) character file.

Game seed: 13841474611140629650

459 kae the Changer (level 6, -1/51 HPs)
             Began as a Demonspawn Transmuter on Jan 15, 2023.
             Slain by Menkaure (11 damage)
             ... on level 4 of the Dungeon.
             The game lasted 00:03:54 (3277 turns).

kae the Changer (Demonspawn Transmuter)             Turns: 3277, Time: 00:03:55

Health: -1/51      AC: 10    Str:  9 (11) XL:     6   Next: 78%
Magic:  8/11       EV: 10    Int: 16      God:
Gold:   269        SH:  0    Dex: 12 (13) Spells: 1/11 levels left

rFire   x . .      SeeInvis .      - Unarmed
rCold   + + +      Faith    .    (shield currently unavailable)
rNeg    . . .      Spirit   .    (body armour currently unavailable)
rPois   +          Reflect  .    (helmet currently unavailable)
rElec   .          Harm     .    (cloak currently unavailable)
rCorr   .          Rampage  .    (gloves currently unavailable)
Will    .....                    (boots currently unavailable)
Stlth   +                        (no amulet)
HPRegen 0.28/turn                O - +4 ring of protection
MPRegen 0.12/turn                (no ring)

@: ice-form
A: freezing attack, amphibious, boosted hp, large, (horns 2), (spiny 1),
(demonic touch 1)
a: End Transformation


You were on level 4 of the Dungeon.
You were a creature of crystalline ice.
You visited 1 branch of the dungeon, and saw 4 of its levels.

You collected 269 gold pieces.


Innate Abilities, Weirdness & Mutations

You are a creature of crystalline ice.
You have a powerful freezing melee attack.
You are amphibious.
Your maximum health is increased.
Your armour is entirely melded.
You are incapable of wielding weapons or throwing items.
((You have a pair of horns on your head.))
((You are partially covered in sharp spines.))
((Your touch may inflict minor irresistible damage on your foes.))


   Skills:
 - Level 1.0 Fighting
 - Level 1.7 Dodging
 + Level 3.9 Unarmed Combat
 + Level 3.4 Spellcasting
 * Level 4.5 Transmutations
 * Level 1.6 Ice Magic
 - Level 1.7 Poison Magic


You had one spell level left.
You knew the following spells:

 Your Spells              Type           Power      Damage    Failure   Level
a - Beastly Appendage     Tmut           34%        N/A       2%          1
b - Wereblood             Tmut           17%        N/A       4%          2
c - Spider Form           Tmut/Pois      12%        N/A       16%         3
d - Ice Form              Ice/Tmut       12%        N/A       45%         4

Your spell library contained the following spells:

 Spells                   Type           Power      Damage    Failure   Level


Inventory:

Missiles
 c - 32 stones
Armour
 a - a +0 robe (melded)
Jewellery
 g - an amulet of regeneration
   (You found it on level 4 of the Dungeon)
 O - a +4 ring of protection (left front paw)
   (You found it on level 4 of the Dungeon)
 W - a ring of magical power
   (You found it on level 4 of the Dungeon)
Wands
 o - a wand of digging (7)
   (You found it on level 3 of the Dungeon)
 t - a wand of charming (4)
   (You found it on level 4 of the Dungeon)
Scrolls
 d - 3 scrolls of teleportation {unknown}
 e - a scroll of magic mapping {unknown}
 f - 2 scrolls of identify {unknown}
 h - a scroll of silence {!r}
 i - 2 scrolls of vulnerability {unknown}
 l - a scroll of brand weapon {unknown}
 m - a scroll of blinking {unknown}
 q - 2 scrolls of torment {unknown}
 s - a scroll of noise {!r}
Potions
 b - 3 potions of lignification {!q}
 j - a potion of haste {unknown}
 k - 2 potions of magic {unknown}
 n - a potion of heal wounds {unknown}
 p - 2 potions of curing {unknown}
 r - a potion of resistance {unknown}

Dungeon Overview and Level Annotations

Branches:
Dungeon (4/15) Zot: 20722
 Temple: D:4-7

Altars:
Gozag
Vehumet

Shops:
D:4 [

Annotations:
D:4 2 runed translucent doors, Menkaure; caveywoolpert's ghost, amateur DsEE

############........#####.#
#........'...#
#........###.#
#..........#.#
#........#.#.#
####'#.#..<#.# #.#.#####.#
#.#.......# #Y#########.
#.M......... ############


You could see Menkaure (fast).


Message History

You take 2 damage, and now have 34/43 hp.
Unknown command.
You hit the black bear.
The black bear looks as sick as possible!
The black bear bites you. The black bear completely misses you.
The black bear misses you. x2; The black bear barely misses you.
The black bear claws you but does no damage. 😮 HP[-3]
You take 3 damage, and now have 31/43 hp.
You hit the black bear.
You kill the black bear!
You feel your dexterity returning.
You barely miss the hobgoblin.
The hobgoblin hits you but does no damage.
Unknown command.
You hit the hobgoblin but do no damage.
Your transformation is almost over.
The hobgoblin hits you but does no damage.
You hit the hobgoblin but do no damage.
The hobgoblin is poisoned.
The hobgoblin hits you but does no damage. 😮 HP[+1]
You hit the hobgoblin but do no damage.
The hobgoblin looks as sick as possible!
The hobgoblin misses you.
You hit the hobgoblin but do no damage.
The hobgoblin looks as sick as possible!
The hobgoblin misses you. 😮 MP[+1]
You hit the hobgoblin.
You kill the hobgoblin!
Unknown command.
Your transformation has ended.
Your +0 robe unmelds from your body. 😕 HP[+2]
You regained 2 hp, and now have 34/43 hp.
Unknown command.
You see here a hobgoblin corpse.
Found a stone staircase leading down. 😎 HP[+9] MP[+3]
Your hp is fully restored (43).
Your mp is fully restored (11).
Unknown command.
There is a stone staircase leading down here.
There is a stone staircase leading down here.
There is a stone staircase leading down here.
Found an opulent altar of Gozag.
Unknown command.
You now have 247 gold pieces (gained 1).
You now have 249 gold pieces (gained 2).
You now have 251 gold pieces (gained 2).
You now have 252 gold pieces (gained 1).
You see here a hobgoblin corpse.
You see here a +0 rapier.
Caveywoolpert's ghost turns its malevolent gaze towards you.
Key pressed, stopping explore.
Found a stone staircase leading up.
As you open the door, it creaks loudly!
You open the door.
There is an open door here.
d - 3 scrolls labelled YPELOESHIKAS (gained 1)
W - a ring of magical power You now have 269 gold pieces (gained 17).
You open the door.
There is an open door here.
Menkaure, Prince of Dust comes into view.
Menkaure gestures wildly while chanting.
Menkaure seems to speed up.
Casting: Spider Form (dangerous; 16% risk of failure)
Confirm with . or Enter, or press ? or * to list all spells.
The spell is extremely dangerous to miscast (45% risk of failure)!
Continue anyway? [Y]es or [N]o only, please.
The spell is extremely dangerous to miscast (45% risk of failure)!
Continue anyway?
You turn into a creature of crystalline ice.
Your +0 robe melds into your body. 😎 HP[+8] MP[-4]
You now have 51 max hp (+8).
Your hp is fully restored (51).
You lost 4 mp, and now have 7/11 mp.
You start resting.
Menkaure is nearby!
Menkaure calls on the powers of darkness!
Your body is wracked with pain! 😮 HP[-24]
You take 24 damage, and now have 27/51 hp.
MASSIVE DAMAGE!! (PAUSE)
You hit Menkaure but do no damage.
Menkaure gestures at you while chanting.
Pain shoots through your body!
* * * LOW HITPOINT WARNING * * *
Unknown command. 😨 HP[-14]
You take 14 damage, and now have 13/51 hp.
MASSIVE DAMAGE!! (PAUSE)
You punch Menkaure! Menkaure closely misses you. Menkaure barely misses you.
You hit Menkaure. Menkaure hits you.
* * * LOW HITPOINT WARNING * * *
😱 HP[-3]
You take 3 damage, and now have 10/51 hp.
Unknown command.
Okay, then.
You punch Menkaure! You freeze Menkaure. Menkaure hits you!
You die...

Skill      XL: |  1  2  3  4  5  6 |
---------------+-------------------+-----
Transmutations | 2 3 4 |  4.5
Unarmed Combat | 3 |  3.9
Spellcasting   | 3 |  3.4
Poison Magic   | 1 |  1.7
Ice Magic      | 1 |  1.6
Fighting       | |  1.0
Dodging        | |  1.7

Action                   |  1- 3 |  4- 6 || total
-------------------------+-------+-------++-------
Melee: Unarmed           |    86 |    96 ||   182
       Headbutt          |     8 |     6 ||    14
       Kick              |     6 |    11 ||    17
       Punch             |     1 |     1 ||     2
       Touch             |       |     7 ||     7
 Cast: Beastly Appendage |    20 |    22 ||    42
       Wereblood         |     1 |     3 ||     4
       Spider Form       |     2 |     4 ||     6
       Ice Form          |       |     1 ||     1
  Use: Potion            |       |     1 ||     1
       Scroll            |       |     2 ||     2
Armor: Robe              |    13 |    11 ||    24
       Skin              |       |    10 ||    10
Dodge: Dodged            |    48 |    90 ||   138

Levels and vault maps discovered:
D:1:      ncdulo_wetmaze, layout_loops_cross
D:2:      layout_loops_corners, uniq_sigmund
D:3:      layout_loops_cross
D:4:      layout_basic, nicolae_gozag_seed_capital, vehumet_crystals,
          serial_shops, shop, ebering_ghost_disaster_area, uniq_menkaure

Notes
Turn   | Place    | Note
-------+----------+-------------------------------------------
     0 | D:1      | kae the Demonspawn Transmuter began the quest for the Orb.
     0 | D:1      | Reached XP level 1. HP: 15/15 MP: 3/3
     0 | D:1      | magus.rc [v1.11.3]
    56 | D:1      | Reached skill level 2 in Transmutations
   101 | D:1      | You feel monstrous as your demonic heritage exerts itself.
   101 | D:1      | Discovered your monstrous ancestry.
   101 | D:1      | Mutation became permanent: You have a pair of small horns
                  | on your head. [demonic ancestry]
   101 | D:1      | Gained mutation: You have a pair of horns on your head.
                  | [demonic ancestry]
   101 | D:1      | Reached XP level 2. HP: 21/21 MP: 3/5
   165 | D:1      | Learned a level 2 spell: Wereblood
   576 | D:1      | Reached skill level 3 in Unarmed Combat
   787 | D:1      | Gained mutation: You are partially covered in sharp spines.
                  | [demonic ancestry]
   787 | D:1      | Reached XP level 3. HP: 24/26 MP: 4/6
   791 | D:1      | Learned a level 3 spell: Spider Form
  1178 | D:2      | Noticed Sigmund
  1217 | D:2      | Killed Sigmund
  1218 | D:2      | Reached skill level 3 in Spellcasting
  1218 | D:2      | Reached skill level 3 in Transmutations
  1218 | D:2      | Reached skill level 1 in Poison Magic
  1218 | D:2      | Reached XP level 4. HP: 14/32 MP: 3/8
  1218 | D:2      | Gained mutation: You have a pair of horns on your head.
                  | [demonic ancestry]
  1218 | D:2      | Reached XP level 5. HP: 16/37 MP: 3/9
  1454 | D:2      | HP: 9/37 [orc priest/+0 trident (1)]
  1462 | D:2      | Reached skill level 4 in Transmutations
  1541 | D:2      | Gained mutation: Your touch may inflict minor irresistible
                  | damage on your foes. [demonic ancestry]
  1541 | D:2      | Reached XP level 6. HP: 26/43 MP: 10/10
  1943 | D:2      | Learned a level 4 spell: Ice Form
  2797 | D:4      | Reached skill level 1 in Ice Magic
  2944 | D:4      | Found Yhiog's Antique Armour Shop.
  3015 | D:4      | Found a radiant altar of Vehumet.
  3134 | D:4      | Found an opulent altar of Gozag.
  3216 | D:4      | Found a large runed translucent door.
  3216 | D:4      | Found a large runed translucent door.
  3217 | D:4      | Noticed caveywoolpert's ghost (amateur DsEE)
  3264 | D:4      | Noticed Menkaure
  3276 | D:4      | HP: 10/51 [Menkaure (4)]
  3277 | D:4      | Slain by Menkaure

Vanquished Creatures
  Sigmund (D:2)
  A black bear (D:4)
  2 orc priests
  An orc wizard (D:2)
  4 adders
  2 worms (D:2)
  9 orcs
  5 endoplasms
  4 giant cockroaches
  5 goblins
  7 hobgoblins
  3 jackals (D:1)
  5 quokkas
  6 ball pythons
  6 bats
  4 frilled lizards
  5 kobolds
  2 rats (D:1)
72 creatures vanquished.

Table legend:
 A = Non-vault XP
 B = Vault XP
 C = Vault XP percentage of total XP
 D = Non-vault monster count
 E = Vault monster count
 F = Vault count percentage of total count
                 A         B        C        D         E       F
            +---------+---------+-------+---------+---------+-------
      Total |     430 |     226 |  34.5 |      71 |       1 |   1.4
            +---------+---------+-------+---------+---------+-------
        D:1 |      42 |       0 |   0.0 |      25 |       0 |   0.0
        D:2 |     120 |     226 |  65.3 |      20 |       1 |   4.8
        D:3 |      38 |       0 |   0.0 |      12 |       0 |   0.0
        D:4 |     230 |       0 |   0.0 |      14 |       0 |   0.0
            +---------+---------+-------+---------+---------+-------

Illustrated notes

Table legend:
 A = Kills in this place as a percentage of kills in entire the game.
 B = Kills by you in this place as a percentage of kills by you in the entire game.
 C = Kills by friends in this place as a percentage of kills by friends in the entire game.
 D = Other kills in this place as a percentage of other kills in the entire game.
 E = Experience gained in this place as a percentage of experience gained in the entire game.
 F = Experience gained in this place divided by the number of levels of this place that you have seen.
                   A       B       C       D       E      F
               +-------+-------+-------+-------+-------+----------------------
         Total | 100.0 | 100.0 |   N/A |   N/A | 100.0 | 164.0
       Dungeon | 100.0 | 100.0 |   N/A |   N/A | 100.0 | 164.0
               +-------+-------+-------+-------+-------+----------------------

Table legend: (Time is in decaauts)
 A = Elapsed time spent in this place.
 B = Non-inter-level travel time spent in this place.
 C = Inter-level travel time spent in this place.
 D = Time resting spent in this place.
 E = Time spent auto-exploring this place.
 F = Levels seen in this place.
 G = Mean time per level.
                   A        B        C        D        E       F      G
               +--------+--------+--------+--------+--------+-----+--------+
         Total |   3276 |   3170 |    106 |     84 |   2543 |   4 |  819.0 |
       Dungeon |   3276 |   3170 |    106 |     84 |   2543 |   4 |  819.0 |
               +--------+--------+--------+--------+--------+-----+--------+

Top non-repeatable levels by time:
     D:2: 1114 daAuts
     D:1: 849 daAuts
     D:3: 676 daAuts
     D:4: 636 daAuts
